Map: [ESL] Post-Youth

Players

Nina

  • Race: Protoss Protoss
  • Spawn Location: 7:00

Astrea - Winner!

  • Race: Protoss Protoss
  • Spawn Location: 1:00

Event: ESL SC2 Masters 2024 Spring (Regional)

VOD

Have the link to the VOD?

Description

Time

  • Played on: May 3, 2024, 3:11 p.m.
  • Length: 7:40

All games in this series

Show
View Real Time Build Order
Export as new Build Order

Nina Protoss 

Build Orders:  

Get SALT Encoding   

  12  0:00  Probe  
  13  0:12  Probe  
  14  0:17  Pylon  
  14  0:24  Probe  
  15  0:36  Gateway  
  15  0:39  Probe (Chrono Boost)  
  16  0:48  Probe (Chrono Boost)  
  16  0:49  Assimilator  
  17  0:53  Probe (Chrono Boost)  
  18  1:05  Probe (Chrono Boost)  
  19  1:12  Gateway  
  19  1:17  Assimilator, Probe (Chrono Boost)  
  20  1:20  Assimilator  
  20  1:25  Probe (Chrono Boost)  
  21  1:33  Cybernetics Core  
  21  1:38  Probe  
  22  1:49  Pylon  
  22  1:51  Probe  
  23  2:07  Probe  
  24  2:10  Sentry  
  24  2:12  Warp Gate, Stalker (Chrono Boost)  
  28  2:23  Shield Battery  
  27  2:32  Adept (Chrono Boost)  
  29  2:39  Shield Battery  
  29  2:42  Pylon  
  31  2:46  Adept (Chrono Boost)  
  31  2:52  Gateway  
  30  3:03  Probe  
  29  3:15  Probe  
  30  3:24  Adept x2  
  34  3:27  Probe  
  35  3:47  Nexus  
  35  3:50  Probe  
  36  4:01  Adept  
  36  4:02  Probe  
  36  4:17  Probe (Chrono Boost)  
  37  4:26  Adept  
  39  4:38  Probe  
  38  4:50  Probe  
  35  4:53  Sentry x2  
  39  5:00  Sentry  
  39  5:03  Probe (Chrono Boost)  
  43  5:08  Probe (Chrono Boost)  
  43  5:12  Probe (Chrono Boost)  
  44  5:16  Probe (Chrono Boost)  
  44  5:17  Probe (Chrono Boost)  
  44  5:20  Sentry x2  
  50  5:25  Stalker  
  50  5:27  Probe  
  53  5:29  Probe  
  53  5:32  Pylon  
  54  5:35  Pylon  
  54  5:50  Probe x2  
  54  5:52  Pylon  
  52  6:09  Probe (Chrono Boost)  
  50  6:11  Stalker x3  
  50  6:15  Probe (Chrono Boost)  
  55  6:19  Probe (Chrono Boost)  
  53  6:25  Probe (Chrono Boost)  
  53  6:28  Probe (Chrono Boost)  
  55  6:37  Twilight Council, Probe (Chrono Boost)  
  55  6:38  Probe (Chrono Boost)  
  57  6:43  Probe  
  58  6:48  Probe  
  58  6:49  Twilight Council  
  58  6:51  Assimilator  
  59  6:56  Stalker  
  61  7:01  Probe x2  
  61  7:06  Forge  
  63  7:13  Probe x2  
  64  7:25  Probe  
  64  7:26  Probe  
  64  7:27  Stalker  
Show
View Real Time Build Order
Export as new Build Order

Astrea Protoss - Winner!

Build Orders:  

Get SALT Encoding   

  12  0:00  Probe  
  13  0:12  Probe  
  14  0:17  Pylon  
  14  0:24  Probe (Chrono Boost)  
  16  0:36  Probe (Chrono Boost), Gateway  
  16  0:43  Probe (Chrono Boost)  
  16  0:47  Assimilator  
  17  0:51  Probe  
  18  1:00  Gateway  
  18  1:04  Probe  
  19  1:16  Probe  
  20  1:19  Pylon  
  20  1:24  Cybernetics Core  
  20  1:29  Probe  
  21  1:41  Probe  
  24  1:53  Probe  
  25  2:00  Adept (Chrono Boost)  
  27  2:05  Warp Gate  
  27  2:10  Adept (Chrono Boost)  
  27  2:29  Adept  
  27  2:31  Adept  
  31  2:40  Nexus  
  31  2:43  Pylon  
  31  3:01  Probe  
  31  3:05  Adept x2  
  34  3:13  Probe  
  35  3:20  Pylon  
  35  3:25  Probe  
  36  3:28  Assimilator  
  36  3:37  Probe  
  36  3:50  Probe  
  36  3:51  Robotics Facility  
  36  3:55  Probe  
  38  4:02  Probe  
  39  4:07  Probe  
  38  4:14  Probe  
  37  4:17  Stalker x2  
  37  4:19  Probe  
  42  4:25  Pylon  
  42  4:26  Probe  
  43  4:31  Probe  
  43  4:38  Probe  
  41  4:41  Stalker x2  
  41  4:43  Observer (Chrono Boost), Probe  
  44  4:50  Probe (Chrono Boost)  
  39  4:55  Probe (Chrono Boost)  
  40  5:01  Warp Prism (Chrono Boost)  
  40  5:02  Probe (Chrono Boost)  
  40  5:05  Probe (Chrono Boost)  
  40  5:06  Sentry  
  46  5:07  Probe (Chrono Boost)  
  46  5:10  Twilight Council, Probe (Chrono Boost)  
  48  5:14  Assimilator  
  48  5:16  Probe  
  49  5:22  Probe  
  49  5:27  Adept  
  52  5:30  Probe  
  52  5:31  Adept  
  52  5:34  Immortal (Chrono Boost)  
  57  5:39  Shield Battery  
  59  5:43  Pylon  
  59  5:56  Pylon  
  59  5:57  Stalker  
  59  6:01  Stalker  
  63  6:08  Immortal  
  61  6:32  Probe x2  
  63  6:34  Nexus  
  63  6:36  Pylon  
  63  6:44  Probe x2  
  65  6:54  Gateway  
  65  6:55  Gateway  
  65  6:56  Probe  
  65  6:57  Shield Battery  
  65  6:58  Probe  
  65  6:59  Observer  
  65  7:00  Pylon  
  67  7:06  Adept x2  
  72  7:14  Probe x2  
  76  7:26  Probe  
  78  7:34  Forge  
Tags
 
Add a new tag
Caveats
  • Supply blocks, unpowered buildings, or Contaminate may cause inaccurate times.
  • Supply counts are checked every 10 seconds.